 Dungeon Crawl Stone Soup version 0.23.2-1-ga50397a6bc (webtiles) character file.

Game seed: 2555466050418356156

21 MisterOstroum the Sneak (level 2, 0/19 HPs)
             Began as a Vampire Enchanter on Apr 26, 2019.
             Slain by a hobgoblin (3 damage)
             ... on level 1 of the Dungeon.
             The game lasted 00:03:18 (1932 turns).

MisterOstroum the Sneak (Vampire Enchanter)         Turns: 1932, Time: 00:03:19

Health: 0/19       AC:  2    Str:  7    XL:     2   Next: 62%
Magic:  0/5        EV: 12    Int: 17    God:
Gold:   54         SH:  0    Dex: 14    Spells: 2/5 levels left

rFire    . . .     SeeInvis +   a - +1 dagger
rCold    + . .     Gourm    .   (no shield)
rNeg     + + .     Faith    .   b - +0 robe
rPois    +         Spirit   .   (no helmet)
rElec    .         Reflect  .   (no cloak)
rCorr    .         Harm     .   (no gloves)
MR       .....                  (no boots)
Stlth    ++++......             (no amulet)
HPRegen  0.03/turn              (no ring)
MPRegen  0.09/turn              (no ring)

@: regenerating slowly
A: fangs 3, see invisible, unbreathing
a: no special abilities


You were on level 1 of the Dungeon.
You were thirsty.

You visited 1 branch of the dungeon, and saw 1 of its levels.

You collected 54 gold pieces.

Inventory:

Hand Weapons
 a - a +1 dagger (weapon)
Missiles
 f - 12 stones (quivered)
Armour
 b - a +0 robe (worn)
 e - a +0 shield
Scrolls
 c - a scroll of fear {unknown}
 g - a scroll of random uselessness {unknown}
 h - a scroll of identify {unknown}
Potions
 d - 3 potions of blood


   Skills:
 - Level 1.6 Short Blades
 - Level 2.1 Dodging
 - Level 5.0 Stealth
 + Level 2.1 Spellcasting
 + Level 4.9 Hexes
 + Level 0.3 Ice Magic


You had 2 spell levels left.
You knew the following spells:

 Your Spells              Type           Power        Failure   Level  Hunger
a - Corona                Hex            ###....      2%          1    #......
b - Ensorcelled Hibernat  Hex/Ice        ##....       10%         2    ###....

Your spell library contained the following spells:

 Spells                   Type           Power        Failure   Level  Hunger
 Confuse                  Hex            ###.....     8%          3    ###....
 Tukima's Dance           Hex            ###.....     8%          3    ###....
 Dazzling Spray           Conj/Hex       ##....       22%         3    ###....


Dungeon Overview and Level Annotations

Branches:
Dungeon (1/15)

Altars:


Innate Abilities, Weirdness & Mutations

You heal slowly.
You have razor-sharp teeth.
You have supernaturally acute eyesight. (SInv)
You can survive without breathing.


Message History

You start waiting.
Done waiting.
You start waiting.
You are feeling thirsty.
You start waiting.
Done waiting.
A bat comes into view.
The bat hits you but does no damage.
You hit the bat.
The bat is severely wounded.
The bat hits you but does no damage. The bat barely misses you.
You hit the bat.
You kill the bat!
Found a hunting sling.
A hobgoblin comes into view. It is wielding a +0 club.
The helpless rat fails to defend itself.
You bite the rat, and draw its blood!
You feel slightly less thirsty.
You impale the rat!!
You kill the rat!
The hobgoblin shouts!
You hear a shout!
You hear an angry hiss.
You hear a shout! x2
The hobgoblin closely misses you.
You hit the hobgoblin.
The hobgoblin is severely wounded.
The hobgoblin hits you but does no damage.
You hit the hobgoblin.
The hobgoblin is almost dead.
The hobgoblin hits you with a +0 club!
You hit the hobgoblin.
You kill the hobgoblin!
A goblin comes into view. It is wielding a +0 dagger.
Things that are here:
a +0 club; a hobgoblin corpse You see here a hunting sling.
The goblin is too close now for your liking.
You hit the goblin.
The goblin is severely wounded.
The goblin hits you with a +0 dagger.
You hit the goblin.
You kill the goblin!
You hear a splash.
Training target 5.0 for Stealth reached!
Your Stealth skill increases to level 5!
No target in view!
You enter the shallow water.
Moving in this stuff is going to be slow.
You see here a +0 dagger.
A frilled lizard comes into view.
The frilled lizard hisses angrily.
A hobgoblin comes into view.
The frilled lizard bites you.
The hobgoblin shouts!
You hit the frilled lizard.
The frilled lizard is heavily wounded.
You closely miss the frilled lizard.
The frilled lizard is heavily wounded.
The frilled lizard closely misses you.
You hit the frilled lizard. You bite the frilled lizard.
You kill the frilled lizard!
You see here a frilled lizard corpse.
A hobgoblin comes into view.
The hobgoblin shouts!
You hear a shout! x2
Found a scroll labeled KUILOTUUDO.
You hit the hobgoblin.
The hobgoblin is severely wounded.
The hobgoblin closely misses you.
You closely miss the hobgoblin.
You bite the hobgoblin, but do no damage.
The hobgoblin is severely wounded.
Casting: Corona (safe; 2% risk of failure)
Confirm with . or Enter, or press ? or * to list all spells.
Aiming: Ensorcelled Hibernation (safe; 10% risk of failure)
Press: ? - help, Shift-Dir - straight line, f - hobgoblin
Aim: a hobgoblin (chance to defeat MR: 59%)
The hobgoblin resists with significant effort.
The hobgoblin barely misses you. The hobgoblin hits you.
You hit the hobgoblin.
You kill the hobgoblin!
The hobgoblin hits you.
* * * LOW HITPOINT WARNING * * *
The hobgoblin hits you but does no damage.
Things that are here:
a viscous blue potion; a hobgoblin corpse; a frilled lizard corpse
Casting: Ensorcelled Hibernation (safe; 10% risk of failure)
Confirm with . or Enter, or press ? or * to list all spells.
Aiming: Ensorcelled Hibernation (safe; 10% risk of failure)
Press: ? - help, Shift-Dir - straight line, f/p - hobgoblin
Aim: a hobgoblin (chance to defeat MR: 59%)
The hobgoblin resists with significant effort.
The hobgoblin hits you.
* * * LOW HITPOINT WARNING * * *
Casting: Ensorcelled Hibernation (safe; 10% risk of failure)
Confirm with . or Enter, or press ? or * to list all spells.
Aiming: Ensorcelled Hibernation (safe; 10% risk of failure)
Press: ? - help, Shift-Dir - straight line, f/p - hobgoblin
Aim: a hobgoblin (chance to defeat MR: 59%)
The hobgoblin resists with significant effort.
The hobgoblin hits you.
You die...

### ..##### .......
..####
####################
#........#.....g@..#
#.######.#.#######.#
.............)...# #
#.####.#.#.#.##......
#.# ...#.#....# ..##.
#.#.##.#)#≈P..# .#
#.# #.#.)≈≈..# .g
#.#.##.#P≈≈≈..# ###.
.......#.P.≈#.# ?..#


You could see a hobgoblin.

Vanquished Creatures
  An ooze (D:1)
  A giant cockroach (D:1)
  A goblin (D:1)
  4 hobgoblins (D:1)
  2 kobolds (D:1)
  3 bats (D:1)
  2 frilled lizards (D:1)
  3 rats (D:1)
17 creatures vanquished.

Notes
Turn   | Place    | Note
-------+----------+-------------------------------------------
     0 | D:1      | MisterOstroum the Vampire Enchanter began the quest for the
                  | Orb.
     0 | D:1      | Reached XP level 1. HP: 13/13 MP: 3/3
   222 | D:1      | Reached XP level 2. HP: 9/19 MP: 3/5
   489 | D:1      | Learned a level 2 spell: Ensorcelled Hibernation
  1900 | D:1      | Reached skill level 5 in Stealth
  1932 | D:1      | Slain by a hobgoblin

Skill      XL: |  1  2 |
---------------+-------+-----
Stealth        | 5 |  5.0
Short Blades   | |  1.6
Dodging        | |  2.1
Spellcasting   | |  2.1
Hexes          | |  4.9
Ice Magic      | |  0.3

Action                   || total
-------------------------++-------
Melee: Dagger            ||    48
       Bite              ||     3
 Cast: Corona            ||     2
       Ensorcelled Hiber ||     3
 Stab: Sleeping          ||     4
  Eat: Corpse            ||     2
Armor: Robe              ||    15
Dodge: Dodged            ||    14
